 Dungeon Crawl Stone Soup version 0.28.0-43-g3370ac3207 (webtiles) character file.

Game seed: 6088273477659449463

2353 protoss039 the Thaumaturge (level 9, -3/49 HPs)
             Began as a Deep Elf Earth Elementalist on Mar 26, 2022.
             Was a Believer of Sif Muna.
             Shot with an arrow by a centaur (12 damage)
             ... on level 8 of the Dungeon.
             The game lasted 00:17:46 (9279 turns).

protoss039 the Thaumaturge (DEEE)                   Turns: 9279, Time: 00:17:46

Health: -3/49      AC:  4    Str:  5    XL:     9   Next: 20%
Magic:  19/24      EV: 13    Int: 25    God:    Sif Muna [**....]
Gold:   305        SH:  0    Dex: 15    Spells: 9/27 levels left

rFire   . . .      SeeInvis .   t - +3 long sword (holy)
rCold   . . .      Faith    .   (no shield)
rNeg    . . .      Spirit   .   b - +0 robe
rPois   .          Reflect  .   (no helmet)
rElec   .          Harm     .   u - +0 cloak
rCorr   .          Rampage  .   B - +0 pair of gloves
Will    +....                   (no boots)
Stlth   ++........              z - amulet of magic regeneration
HPRegen 0.16/turn               g - ring of willpower
MPRegen 0.59/turn               (no ring)

@: no status effects
A: no striking features
a: Renounce Religion, Channel Magic


You were on level 8 of the Dungeon.
You worshipped Sif Muna.
Sif Muna was pleased with you.
You visited 2 branches of the dungeon, and saw 9 of its levels.
You also visited: Ossuary.

You collected 305 gold pieces.

Inventory:

Hand Weapons
 d - a +0 dagger of freezing
 q - a +2 rapier of venom
 t - a +3 long sword of holy wrath (weapon)
Missiles
 c - 215 stones
Armour
 b - a +0 robe (worn)
 u - a +0 cloak (worn)
 B - a +0 pair of gloves (worn)
Jewellery
 g - a ring of willpower (left hand)
 z - an amulet of magic regeneration (around neck)
Scrolls
 f - a scroll of identify
 h - 2 scrolls of enchant weapon {unknown}
 i - 3 scrolls of fog
 j - 2 scrolls of vulnerability {unknown}
 k - 3 scrolls of amnesia
 l - 4 scrolls of magic mapping
 m - 2 scrolls of blinking {unknown}
 o - a scroll of holy word {unknown}
 w - a scroll of enchant armour {unknown}
 y - 2 scrolls of immolation {unknown}
 C - a scroll of brand weapon {unknown}
 D - a scroll of noise {unknown}
 F - a scroll of acquirement {unknown}
Potions
 a - 2 potions of resistance
 e - 3 potions of might
 n - 3 potions of magic
 p - a potion of mutation {unknown}
 r - 2 potions of haste
 s - 4 potions of curing
 v - 2 potions of lignification {unknown}
 x - a potion of cancellation {unknown}
 A - a potion of attraction {unknown}


   Skills:
 * Level 2.5 Fighting
 - Level 3.0 Dodging
 - Level 3.0 Stealth
 + Level 9.7 Spellcasting
 + Level 3.4 Conjurations
 * Level 2.3 Hexes
 * Level 4.0 Transmutations
 * Level 1.7 Fire Magic
 + Level 7.8 Earth Magic
 * Level 3.6 Invocations


You had 9 spell levels left.
You knew the following spells:

 Your Spells              Type           Power      Damage    Failure   Level
a - Sandblast             Erth           100%       2d20      1%          1
b - Passwall              Tmut/Erth      34%        N/A       1%          2
c - Stone Arrow           Conj/Erth      80%        3d12      1%          3
d - Petrify               Tmut/Erth      41%        N/A       4%          4
e - Foxfire               Conj/Fire      100%       2x1d9     1%          1
f - Inner Flame           Hex/Fire       22%        N/A       7%          3
g - Flame Wave            Conj/Fire      25%        2d7       17%         4

Your spell library contained the following spells:

 Spells                   Type           Power      Damage    Failure   Level
 Summon Small Mammal      Summ           48%        N/A       4%          1
 Conjure Flame            Conj/Fire      25%        6-21      5%          3
 Summon Guardian Golem    Hex/Summ       17%        N/A       10%         3
 Call Canine Familiar     Summ           12%        N/A       16%         3
 Orb of Destruction       Conj           14%        9d7       100%        7
 Spellforged Servitor     Conj/Summ      10%        N/A       100%        7


Dungeon Overview and Level Annotations

Branches:
Dungeon (8/15)             Temple (1/1) D:5         Ossuary (visited)
   Lair: D:8-11

Altars:
Ashenzari
Cheibriados
Dithmenos
Elyvilon
Fedhas
Gozag
Hepliaklqana
Kikubaaqudgha
Makhleb
Nemelex Xobeh
Okawaru
Qazlal
Ru
Sif Muna
Trog
Uskayaw
Vehumet
Wu Jian
Xom
Yredelemnul
Zin
The Shining One

Shops:
D:4 (


Message History

Aim: a troll (inner flame, 84% to hit)
The blast of sand hits the troll!
Flame seeps out of the troll.
The troll is moderately wounded.
The centaur wields a +0 shortbow.
The centaur shoots an arrow.
The arrow hits you!
You hear a shout!
Unknown command.
Casting: Sandblast (safe; 1% risk of failure)
Confirm with . or Enter, or press ? or * to list all spells.
Aiming: Stone Arrow (safe; 1% risk of failure)
Press: ? - help, Shift-Dir - straight line, f/p - troll
Aim: a troll (flame, moderately wounded, inner flame, 74% to hit)
The stone arrow hits the troll!
Flame seeps out of the troll.
The troll is heavily wounded.
The troll is engulfed in blazing flames.
Flame seeps out of the troll.
The centaur shoots an arrow.
The arrow hits you!
Unknown command.
Casting: Stone Arrow (safe; 1% risk of failure)
Confirm with . or Enter, or press ? or * to list all spells.
Aiming: Stone Arrow (safe; 1% risk of failure)
Press: ? - help, Shift-Dir - straight line, f/p - troll
Aim: a troll (almost dead, inner flame, 74% to hit)
Okay, then.
Casting: Stone Arrow (safe; 1% risk of failure)
Confirm with . or Enter, or press ? or * to list all spells.
Aiming: Sandblast (safe; 1% risk of failure)
Press: ? - help, Shift-Dir - straight line, f/p - troll
Aim: a troll (almost dead, inner flame, 84% to hit)
The blast of sand hits the troll!
Sif Muna accepts your kill.
The troll explodes!
The centaur shoots an arrow.
The arrow barely misses you.
The centaur shoots an arrow.
The arrow hits you!
* * * LOW HITPOINT WARNING * * *
Your Hexes skill increases to level 2!
Your Transmutations skill increases to level 4!
Unknown command.
Unknown command.
The centaur shoots an arrow.
The arrow hits you!
You die...

#########
#.......#
#.......#
####.......#
.......@...#
####!§§§...#
#.§§§...#
#c..§...#
#.####### c.
.. ...


You could see 2 centaurs.

Vanquished Creatures
  A troll (D:8)
  A water moccasin (D:7)
  A black bear (D:5)
  4 ogres
  A necrophage (D:4)
  A phantom (D:7)
  2 elf zombies (Ossuary)
  5 scorpions
  A water moccasin zombie (D:6)
  A water moccasin skeleton (D:3)
  4 wights (D:7)
  A human zombie (Ossuary)
  4 orc priests
  A hound (D:5)
  Crazy Yiuf (D:6)
  A bullfrog skeleton (D:5)
  A centaur skeleton (D:4)
  A jelly (D:3)
  4 iguanas
  3 orc wizards (D:6)
  2 mummies (Ossuary)
  A howler monkey skeleton (D:6)
  8 gnolls
  4 adders
  An ufetubus (D:3)
  2 adder zombies (Ossuary)
  3 worms
  2 dart slugs
  13 orcs
  2 bats
  7 endoplasms
  5 giant cockroaches
  3 hobgoblins
  4 jackals (D:1)
  5 kobolds
  9 ball pythons
  5 frilled lizards
  6 goblins
  2 goblin zombies (Ossuary)
  11 hobgoblin zombies (Ossuary)
  2 jackal zombies (Ossuary)
  7 kobold zombies (Ossuary)
  9 orc zombies (Ossuary)
  7 rats
  A rat zombie (Ossuary)
160 creatures vanquished.

Vanquished Creatures (others)
  20 foxfires
20 creatures vanquished.

Grand Total: 180 creatures vanquished

Notes
Turn   | Place    | Note
-------+----------+-------------------------------------------
     0 | D:1      | protoss039 the Deep Elf Earth Elementalist began the quest
                  | for the Orb.
     0 | D:1      | Reached XP level 1. HP: 10/10 MP: 6/6
   759 | D:1      | Reached XP level 2. HP: 5/15 MP: 6/8
  1100 | D:1      | Learned a level 2 spell: Passwall
  1441 | D:2      | Reached XP level 3. HP: 19/19 MP: 6/10
  1705 | D:2      | Reached skill level 4 in Spellcasting
  2226 | D:2      | Learned a level 3 spell: Stone Arrow
  2255 | D:3      | Reached XP level 4. HP: 4/24 MP: 6/12
  2570 | D:3      | Found a shadowy altar of Dithmenos.
  2805 | D:3      | Learned a level 4 spell: Petrify
  3084 | D:3      | Reached skill level 5 in Spellcasting
  3084 | D:3      | Reached XP level 5. HP: 23/28 MP: 12/14
  3632 | D:4      | Reached skill level 5 in Earth Magic
  4092 | D:4      | Reached XP level 6. HP: 32/32 MP: 11/16
  4237 | D:4      | Reached skill level 6 in Spellcasting
  4354 | D:4      | Found Ettab's Antique Weapon Shop.
  4766 | D:5      | Entered Level 5 of the Dungeon
  4785 | D:5      | Reached skill level 7 in Spellcasting
  4790 | D:5      | Reached XP level 7. HP: 36/36 MP: 7/19
  4934 | D:5      | Reached skill level 1 in Conjurations
  5009 | D:5      | Found a staircase to the Ecumenical Temple.
  5030 | Temple   | Entered the Ecumenical Temple
  5452 | Temple   | Became a worshipper of Sif Muna the Loreminder
  5732 | D:5      | Reached skill level 8 in Spellcasting
  5732 | D:5      | Reached skill level 1 in Invocations
  5865 | D:5      | Identified the amulet of Foeqeof {rC- Regen+ Dex+9}
  6055 | D:5      | Reached skill level 1 in Fighting
  6055 | D:5      | Reached XP level 8. HP: 43/43 MP: 5/22
  6324 | D:6      | Found a sand-covered staircase.
  6330 | Ossuary  | Entered an ossuary
  6439 | Ossuary  | Reached * piety under Sif Muna
  7090 | D:6      | Reached ** piety under Sif Muna
  7468 | D:6      | Reached skill level 9 in Spellcasting
  7820 | D:6      | Found a runed translucent door.
  7821 | D:6      | Noticed Crazy Yiuf
  7945 | D:6      | Learned a level 1 spell: Foxfire
  7949 | D:6      | Learned a level 3 spell: Inner Flame
  7954 | D:6      | Learned a level 4 spell: Flame Wave
  8075 | D:6      | Killed Crazy Yiuf
  8299 | D:7      | Reached skill level 1 in Hexes
  8351 | D:7      | Reached skill level 1 in Fire Magic
  8597 | D:7      | Reached XP level 9. HP: 49/49 MP: 18/24
  9120 | D:8      | Noticed a tengu warrior
  9274 | D:8      | Noticed a troll
  9278 | D:8      | Killed a troll
  9279 | D:8      | Shot with an arrow by a centaur

Illustrated notes

Levels and vault maps discovered:
D:1:      dpeg_arrival_stone_temple_mockup, layout_basic
D:2:      layout_loops_ring
D:3:      minmay_evil_eye, layout_loops_ring, grunt_dithmenos_smoke_and_mirrors
D:4:      layout_gridville, serial_shops, shop_fountains
D:5:      layout_basic, minmay_temple_entry_junction, grunt_ministairs_8,
          kennysheep_crisscross
D:6:      layout_loops_ring, enter_ossuary_2, uniq_crazy_yiuf_cottage
D:7:      layout_loops_corners
D:8:      layout_rooms
Temple:   mainiacjoe_temple_trianglar_array

Skill      XL: |  1  2  3  4  5  6  7  8  9 |
---------------+----------------------------+-----
Dodging        | 3 |  3.0
Earth Magic    | 4 5 6 7 |  7.8
Stealth        | 3 |  3.0
Spellcasting   | 4 5 7 8 9 |  9.7
Conjurations   | 1 3 |  3.4
Transmutations | 2 3 4 |  4.0
Invocations    | 1 3 |  3.6
Fighting       | 1 2 |  2.5
Hexes          | 1 2 |  2.3
Fire Magic     | 1 |  1.7

Action                   |  1- 3 |  4- 6 |  7- 9 || total
-------------------------+-------+-------+-------++-------
Melee: Dagger            |    52 |    27 |       ||    79
       Unarmed           |     1 |       |       ||     1
       Rapier            |       |    12 |       ||    12
       Long sword        |       |       |    49 ||    49
 Cast: Sandblast         |    46 |    39 |    23 ||   108
       Stone Arrow       |       |     9 |    83 ||    92
       Foxfire           |       |       |    13 ||    13
       Inner Flame       |       |       |     2 ||     2
  Use: Scroll            |       |       |     8 ||     8
 Stab: Sleeping          |     5 |     4 |       ||     9
Armor: Robe              |    13 |     7 |    11 ||    31
Dodge: Dodged            |    54 |    33 |    34 ||   121
